 Dungeon Crawl Stone Soup version 0.25-a0-566-g062765be81 (webtiles) character file.

Game seed: 9797978171782236802, levelgen mode: deterministic

96 Flugslaktarn the Covered (level 4, -1/42 HPs)
             Began as a Deep Dwarf Fighter on Feb 28, 2020.
             Slain by an iguana (7 damage)
             ... on level 4 of the Dungeon.
             The game lasted 00:00:47 (600 turns).

Flugslaktarn the Covered (Deep Dwarf Fighter)        Turns: 600, Time: 00:00:48

Health: -1/42      AC:  7    Str: 21    XL:     4   Next: 41%
Magic:  4/4        EV:  7    Int:  8    God:
Gold:   16         SH:  9    Dex: 12    Spells: 3/3 levels left

rFire    . . .     SeeInvis .   a - +0 war axe
rCold    . . .     Gourm    .   c - +0 kite shield
rNeg     . . .     Faith    .   b - +0 scale mail
rPois    .         Spirit   .   (no helmet)
rElec    .         Reflect  .   (no cloak)
rCorr    .         Harm     .   (no gloves)
MR       .....                  (no boots)
Stlth    ..........             (no amulet)
HPRegen  0.00/turn              (no ring)
MPRegen  0.09/turn              (no ring)

@: non-regenerating
A: damage resistance, heal wounds, sense surroundings 1, no regeneration
a: Heal Wounds


You were on level 4 of the Dungeon.
You were not hungry.

You visited 1 branch of the dungeon, and saw 4 of its levels.

You collected 16 gold pieces.

Inventory:

Hand Weapons
 a - a +0 war axe (weapon)
Armour
 b - a +0 scale mail (worn)
 c - a +0 kite shield (worn)
Jewellery
 i - a +3 ring of protection {unknown}
   (You found it on level 1 of the Dungeon)
Scrolls
 g - 2 scrolls of immolation {unknown}
 h - 2 scrolls of identify {unknown}
 k - 2 scrolls of teleportation {unknown}
 l - 2 scrolls of remove curse {unknown}
 m - a scroll of amnesia {unknown}
Potions
 d - a potion of might
 j - a potion of lignification {unknown}
 n - a potion of stabbing {unknown}
 o - 4 potions of ambrosia {unknown}
Comestibles
 e - 3 rations


   Skills:
 + Level 3.2 Fighting
 * Level 3.7 Axes
 + Level 3.9 Armour
 + Level 3.9 Shields


You had 3 spell levels left.
You didn't know any spells.
Your spell library was empty.

Dungeon Overview and Level Annotations

Branches:
Dungeon (4/15)
 Temple: D:4-7

Altars:


Innate Abilities, Weirdness & Mutations

You are resistant to damage.
You can heal yourself by infusing magical energy.
You passively map a small area around you.
You do not regenerate.


Message History

You fail to use your ability.
The iguana bites you but does no damage.
You slash the iguana!
The iguana is moderately wounded.
The iguana barely misses you.
You completely miss the iguana.
The iguana is moderately wounded.
The iguana barely misses you.
You closely miss the iguana.
The iguana is moderately wounded.
The iguana bites you! You block the iguana's attack.
You closely miss the iguana.
The iguana is moderately wounded.
The iguana barely misses you.
You slash the iguana!
The iguana is almost dead.
The iguana bites you!
* * * LOW HITPOINT WARNING * * *
The iguana bites you!
You die...

##...# #.# *.
##.....#####.# *
........##.....#
....##..##.###.#
#...<[...# #.# ,
####..######.# * ,
#.........#
#.######..########
#....l@...#
########.## * *
,?... * , *#.### *
... * * #.# * ,
,... * * .. * , ,
, ,


You could see an iguana.

Vanquished Creatures
  A hound (D:4)
  3 adders
  An ooze (D:4)
  A worm (D:3)
  2 leopard geckos
  6 orcs
  A giant cockroach (D:4)
  3 goblins
  A hobgoblin (D:1)
  2 jackals (D:1)
  A kobold (D:1)
  3 bats
25 creatures vanquished.

Notes
Turn   | Place    | Note
-------+----------+-------------------------------------------
     0 | D:1      | Flugslaktarn the Deep Dwarf Fighter began the quest for the
                  | Orb.
     0 | D:1      | Reached XP level 1. HP: 20/20 MP: 1/1
   156 | D:1      | Reached XP level 2. HP: 24/27 MP: 2/2
   268 | D:2      | Reached XP level 3. HP: 29/33 MP: 3/3
   594 | D:4      | Reached XP level 4. HP: 21/42 MP: 4/4
   600 | D:4      | Slain by an iguana

Levels and vault maps discovered:
D:1:      nicolae_arrival_memento_mori, layout_basic
D:2:      layout_loops_corners, lemuel_coloured_pillars_altar
D:3:      layout_basic, gammafunk_ghost_necromancy, first_ration
D:4:      layout_loops_corners

Skill      XL: |  1  2  3 |
---------------+----------+-----
Axes           | 3 |  3.7
Fighting       | 3 |  3.2
Armour         | |  3.9
Shields        | |  3.9

Action                   |  1- 3 |  4- 6 || total
-------------------------+-------+-------++-------
Melee: War axe           |   107 |     5 ||   112
Armor: Scale mail        |    73 |     1 ||    74
Dodge: Dodged            |    44 |     3 ||    47
Block: Kite shield       |    91 |     2 ||    93

Table legend:
 A = Non-vault XP
 B = Vault XP
 C = Vault XP percentage of total XP
 D = Non-vault monster count
 E = Vault monster count
 F = Vault count percentage of total count
                 A         B        C        D         E       F
            +---------+---------+-------+---------+---------+-------
      Total |     138 |       0 |   0.0 |      25 |       0 |   0.0
            +---------+---------+-------+---------+---------+-------
        D:1 |      13 |       0 |   0.0 |       8 |       0 |   0.0
        D:2 |      30 |       0 |   0.0 |       4 |       0 |   0.0
        D:3 |      28 |       0 |   0.0 |       5 |       0 |   0.0
        D:4 |      67 |       0 |   0.0 |       8 |       0 |   0.0
            +---------+---------+-------+---------+---------+-------
